 Dungeon Crawl Stone Soup version 0.31.0-11-ge490571c62 (webtiles) character file.

Game seed: 14671655519559926141

604 qw the Skirmisher (level 7, -1/40 HPs)
             Began as a Deep Elf Hunter on Feb 4, 2024.
             Slain by a water moccasin (6 damage)
             ... on level 5 of the Dungeon.
             The game lasted 00:00:13 (2866 turns).

qw the Skirmisher (Deep Elf Hunter)                 Turns: 2866, Time: 00:00:13

Health: -1/40      AC:  9    Str: 10    XL:     7   Next: 18%
Magic:  9/9        EV: 16    Int: 14    God:
Gold:   253        SH:  0    Dex: 18    Spells: 6/6 levels left

rFire   + . .        a - +1 shortbow
rCold   . . .        (shield currently unavailable)
rNeg    . . .        h - +1 ring mail
rPois   .            (no helmet)
rElec   .            g - scarf {repulsion}
rCorr   .            l - +2 pair of gloves {Stlth+}
SInv    .            (no boots)
Will    .....        (no amulet)
Stlth   ++           e - ring of protection from fire
HPRegen 0.26/turn    j - +5 ring of evasion
MPRegen 0.11/turn

%: repel missiles
@: lethally poisoned (-1 -> -4)
A: no striking features
a: no special abilities


You were on level 5 of the Dungeon.
You visited 2 branches of the dungeon, and saw 6 of its levels.

You collected 253 gold pieces.


   Skills:
 - Level 2.4 Fighting
 + Level 10.1 Ranged Weapons
 - Level 1.7 Armour
 - Level 3.5 Dodging
 - Level 1.2 Stealth


You had 6 spell levels left.
You didn't know any spells.
Your spell library was empty.

Inventory:

Hand Weapons
 a - a +1 shortbow (weapon)
Armour
 g - a scarf of repulsion (worn)
 h - a +1 ring mail (worn)
 l - a +2 pair of gloves of stealth (worn)
Jewellery
 e - a ring of protection from fire (left hand)
 j - a +5 ring of evasion (right hand)
Potions
 b - a potion of cancellation
 i - 2 potions of curing

Dungeon Overview and Level Annotations

Branches:
Dungeon (5/15)             Temple (1/1) D:4

Altars:
Ashenzari
Fedhas
Gozag
Hepliaklqana
Makhleb
Nemelex Xobeh
Ru
Sif Muna
Uskayaw
Vehumet
Wu Jian
Xom
Yredelemnul

Shops:
D:1 !   D:2 =


Message History

The water moccasin barely misses you. The scorpion stings you.
You shoot an arrow.
The arrow hits the scorpion but does no damage.
The scorpion is severely wounded.
The giant cockroach barely misses you.
The ball python bites you but does no damage.
The ball python completely misses you. The water moccasin bites you!
The scorpion stings you.
You are poisoned.
The scorpion poisons you!
You shoot an arrow. The arrow closely misses the scorpion.
You feel sick.
The ball python bites you but does no damage.
The ball python barely misses you.
The giant cockroach bites you but does no damage.
The water moccasin bites you. The scorpion misses you.
The ball python barely misses you. The ball python closely misses you.
The giant cockroach bites you but does no damage.
You shoot an arrow. The arrow barely misses the scorpion.
You feel sick.
The water moccasin bites you but does no damage.
The scorpion closely misses you.
The water moccasin completely misses you.
The giant cockroach misses you. The ball python completely misses you.
The ball python barely misses you.
You shoot an arrow. The arrow barely misses the scorpion.
You feel sick.
The scorpion stings you but does no damage.
The water moccasin barely misses you. The giant cockroach misses you.
The ball python bites you. The ball python barely misses you.
You shoot an arrow. The arrow hits the scorpion.
You kill the scorpion!
The sentinel's mark upon you fades away.
You feel sick.
The water moccasin bites you but does no damage.
The giant cockroach completely misses you.
The ball python barely misses you. The ball python closely misses you.
A river rat comes into view.
The water moccasin bites you.
You die...

.###### ......# ......#.
##......#. # r.........## #.
..#####.......#..# #..
_.....SBS.....##.# #..#####
#####@S.....##.##
#......#####...............#
#...........)#########.##..#
#####..####### #<..####
##.## #.#....## #..#
#.#.##..## ##.## #.#.###..#
#..# #...####.. ##.####
#.#####....#


You could see a water moccasin, a river rat, a giant cockroach and 2 ball
pythons.

Vanquished Creatures
  An ice beast (D:5)
  An ogre (D:4)
  3 scorpions
  A hound (D:5)
  Jessica (D:2)
  Natasha (thrice) (D:2)
  An orc wizard (D:5)
  8 adders
  A white imp (D:5)
  3 dart slugs
  A ribbon worm (D:2)
  10 orcs
  5 endoplasms
  2 goblins (D:2)
  5 hobgoblins
  2 jackals (D:2)
  4 kobolds
  5 quokkas
  9 ball pythons
  8 bats
  2 frilled lizards
  4 rats
80 creatures vanquished.

Notes
Turn   | Place    | Note
-------+----------+-------------------------------------------
     0 | D:1      | qw the Deep Elf Hunter began the quest for the Orb.
     0 | D:1      | Reached XP level 1. HP: 12/12 MP: 3/3
     0 | D:1      | 0 ||| qw: Version: 0.3-a-160-g6735b56
     0 | D:1      | 0 ||| qw: Game counter: 5715
     0 | D:1      | 0 ||| qw: Melee chars always use a shield: true
     0 | D:1      | 0 ||| qw: God list: Okawaru
     0 | D:1      | 0 ||| qw: Allow faded altars: false
     0 | D:1      | 0 ||| qw: Do Orc after clearing Dungeon:15 true
     0 | D:1      | 0 ||| qw: Do second Lair branch before Depths: true
     0 | D:1      | 0 ||| qw: Lair rune preference: random
     0 | D:1      | 0 ||| qw: Goals: Normal
     0 | D:1      | 0 ||| PLANNING D:1-11
   209 | D:1      | Found Akkyseakh's Distillery.
   213 | D:1      | Reached skill level 6 in Ranged Weapons
   213 | D:1      | Reached XP level 2. HP: 11/16 MP: 4/4
   240 | D:1      | 240 ||| SHOPLISTING 2 potions of cancellation (224 gold,
                  | have 35).
   240 | D:1      | 240 ||| SHOPLISTING potion of curing (42 gold, have 35).
   240 | D:1      | 240 ||| SHOPLISTING potion of enlightenment (70 gold, have
                  | 35).
   240 | D:1      | 240 ||| SHOPLISTING potion of might (56 gold, have 35).
   511 | D:1      | 511 ||| UPGRADING to scarf of repulsion.
   516 | D:1      | 516 ||| UPGRADING to +0 ring mail.
   526 | D:1      | 526 ||| DROPPING +0 leather armour.
   527 | D:1      | 527 ||| UPGRADING to +2 pair of gloves of stealth.
   532 | D:1      | 532 ||| UPGRADING to ring of protection from fire.
   533 | D:1      | 533 ||| UPGRADING to +5 ring of evasion.
   534 | D:1      | 534 ||| READING 2 scrolls labelled NES ESHRYSURACVECH.
   635 | D:1      | 635 ||| READING scroll labelled RININE HAXOH.
   635 | D:1      | 635 ||| ENCHANTING +0 shortbow.
   636 | D:1      | 636 ||| DRINKING 2 purple potions.
   637 | D:1      | 637 ||| DROPPING scroll of butterflies.
   638 | D:1      | 638 ||| DROPPING scroll of vulnerability.
   651 | D:2      | Noticed Natasha
   660 | D:2      | Killed Natasha
   661 | D:2      | Reached XP level 3. HP: 19/20 MP: 5/5
   772 | D:2      | Noticed Natasha
   776 | D:2      | Killed Natasha
   777 | D:2      | Reached skill level 7 in Ranged Weapons
   792 | D:2      | Reached XP level 4. HP: 25/25 MP: 6/6
   840 | D:2      | Noticed Natasha
   843 | D:2      | Killed Natasha
   876 | D:2      | Reached skill level 8 in Ranged Weapons
   890 | D:2      | Noticed Jessica
   892 | D:2      | Killed Jessica
   893 | D:2      | Reached XP level 5. HP: 29/29 MP: 7/7
   938 | D:2      | Found Fioffoucko's Jewellery Boutique.
   942 | D:2      | 942 ||| SHOPLISTING +5 ring of evasion (432 gold, have
                  | 108).
   942 | D:2      | 942 ||| SHOPLISTING +6 ring of strength (432 gold, have
                  | 108).
   942 | D:2      | 942 ||| SHOPLISTING ring of poison resistance (240 gold,
                  | have 108).
   942 | D:2      | 942 ||| SHOPLISTING ring of positive energy (240 gold, have
                  | 108).
   942 | D:2      | 942 ||| SHOPLISTING ring of protection from cold (300 gold,
                  | have 108).
   942 | D:2      | 942 ||| SHOPLISTING ring of see invisible (180 gold, have
                  | 108).
   942 | D:2      | 942 ||| SHOPLISTING ring of willpower (300 gold, have 108).
  1370 | D:2      | 1370 ||| DROPPING ring of flight.
  1371 | D:2      | 1371 ||| READING 2 scrolls labelled NYCUFI SUOWECY.
  1374 | D:2      | 1374 ||| READING scroll labelled DEEMAZ DAMEUFF.
  1720 | D:3      | 1720 ||| DROPPING +0 sling of flaming.
  1955 | D:3      | 1955 ||| DROPPING ring of magical power.
  1956 | D:3      | 1956 ||| READING 3 scrolls labelled XUBAFO OKKA.
  1956 | D:3      | 1956 ||| IDENTIFYING emerald potion
  1957 | D:3      | 1957 ||| READING 2 scrolls of identify.
  1957 | D:3      | 1957 ||| IDENTIFYING ruby potion
  1958 | D:3      | 1958 ||| READING scroll of identify.
  1958 | D:3      | 1958 ||| IDENTIFYING inky potion
  1959 | D:3      | 1959 ||| READING scroll labelled IMMUSH GYPLUSH.
  1959 | D:3      | 1959 ||| ENCHANTING +0 ring mail.
  1960 | D:3      | 1960 ||| READING scroll labelled NUTHRO VOLOMEVAXE.
  1961 | D:3      | 1961 ||| DRINKING 2 lumpy coppery potions.
  2010 | D:3      | 2010 ||| DROPPING potion of berserk rage.
  2011 | D:3      | 2011 ||| DROPPING potion of degeneration.
  2012 | D:3      | 2012 ||| DROPPING potion of lignification.
  2074 | D:4      | Reached skill level 9 in Ranged Weapons
  2087 | D:4      | Noticed an ogre
  2094 | D:4      | Killed an ogre
  2095 | D:4      | Reached XP level 6. HP: 36/36 MP: 8/8
  2122 | D:4      | Found a staircase to the Ecumenical Temple.
  2123 | D:4      | 2123 ||| PLANNING TEMPLE
  2178 | Temple   | Entered the Ecumenical Temple
  2179 | Temple   | 2179 ||| PLANNING D:1-11
  2270 | D:4      | Found a hazy altar of Hepliaklqana.
  2311 | D:4      | Found an ornate altar of the Wu Jian Council.
  2611 | D:4      | 2611 ||| READING scroll of identify.
  2611 | D:4      | 2611 ||| IDENTIFYING lumpy yellow potion
  2612 | D:4      | 2612 ||| DRINKING 2 pink potions.
  2613 | D:4      | 2613 ||| DROPPING potion of ambrosia.
  2640 | D:5      | Entered Level 5 of the Dungeon
  2641 | D:5      | 2641 ||| PLANNING SEWER
  2675 | D:5      | Reached skill level 10 in Ranged Weapons
  2687 | D:5      | HP: 9/36 [orc/+2 hand axe of distortion (25)]
  2688 | D:5      | 2688 ||| READING scroll of teleportation.
  2689 | D:5      | 2689 ||| DRINKING potion of heal wounds.
  2699 | D:5      | Reached skill level 3 in Dodging
  2769 | D:5      | Noticed an ice beast
  2781 | D:5      | Killed an ice beast
  2782 | D:5      | Reached skill level 1 in Armour
  2782 | D:5      | Reached XP level 7. HP: 40/40 MP: 9/9
  2848 | D:5      | Found a blossoming altar of Fedhas.
  2863 | D:5      | HP: 10/40 [water moccasin (5)]
  2866 | D:5      | Slain by a water moccasin

Levels and vault maps discovered:
D:1:      mainiacjoe_arrival_reflecting_pool, layout_basic, serial_shops,
          nicolae_shop_advertising_works [nicolae_subvault_shop_adworks],
          glass_columns_a
D:2:      layout_loops_ring, serial_shops, shop, minmay_shallow_snake_nest,
          uniq_jessica, uniq_natasha
D:3:      layout_loops_ring
D:4:      layout_cave_pools, mainiacjoe_overflow_brackets,
          mainiacjoe_overflow_boulevard, minmay_temple_entry_glassed_door,
          serial_column_ruins, column_ruins_hut, column_ruins_hut,
          column_ruins_columns_water, column_ruins_corridor_straight,
          column_ruins_grid_1, column_ruins_open_large,
          kennysheep_cluttered_room
D:5:      layout_basic, mainiacjoe_overflow_big_doors,
          mainiacjoe_overflow_surrounded_room, portal_sewer_entry_e,
          serial_bayou_pond_d
Temple:   hellmonk_temple_micro_hex

Skill      XL: |  1  2  3  4  5  6 |
---------------+-------------------+-----
Ranged Weapons | 6 7 8 9 10 | 10.1
Fighting       | 2 |  2.4
Dodging        | 3 |  3.5
Armour         | 1 |  1.7
Stealth        | |  1.2

Action                     |  1- 3 |  4- 6 |  7- 9 || total
---------------------------+-------+-------+-------++-------
   Fire: Shortbow          |    55 |   183 |    21 ||   259
    Use: Scroll            |     2 |     9 |       ||    11
         Potion            |     1 |     3 |       ||     4
 Armour: Leather armour    |     9 |       |       ||     9
         Ring mail         |     3 |    27 |    17 ||    47
  Dodge: Dodged            |    11 |    74 |    31 ||   116
         Repelled          |       |     1 |       ||     1

Table legend:
 A = Non-vault XP
 B = Vault XP
 C = Vault XP percentage of total XP
 D = Non-vault monster count
 E = Vault monster count
 F = Vault count percentage of total count
                 A         B        C        D         E       F
            +---------+---------+-------+---------+---------+-------
      Total |     850 |      93 |   9.9 |      73 |       7 |   8.8
            +---------+---------+-------+---------+---------+-------
        D:1 |      20 |       0 |   0.0 |      12 |       0 |   0.0
        D:2 |     128 |      93 |  42.1 |      20 |       7 |  25.9
        D:3 |      29 |       0 |   0.0 |      11 |       0 |   0.0
        D:4 |     258 |       0 |   0.0 |      15 |       0 |   0.0
        D:5 |     415 |       0 |   0.0 |      15 |       0 |   0.0
            +---------+---------+-------+---------+---------+-------
